 Seeded DCSS version 0.30-a0-626-gd6a5dd7a1f (webtiles) character file.

Game seed: 8801078753918749808 (custom seed)

1227 Hubris850 the Conjurer (level 8, -11/48 HPs)
             Began as an Octopode Conjurer on Jan 11, 2023.
             Was a Follower of Vehumet.
             Killed by divine providence
             ... invoked by an orc priest
              (14 damage)
             ... on level 6 of the Dungeon.
             The game lasted 00:17:35 (6639 turns).

Hubris850 the Conjurer (Octopode Conjurer)          Turns: 6639, Time: 00:17:36

Health: -11/48     AC:  1    Str:  6    XL:     8   Next: 48%
Magic:  6/15       EV: 13    Int: 22    God:    Vehumet [*.....]
Gold:   318        SH:  0    Dex: 11    Spells: 3/16 levels left

rFire   . . .      SeeInvis .    t - +2 short sword (drain)
rCold   . . .      Faith    +    (no shield)
rNeg    . . .      Spirit   .    (helmet restricted)
rPois   .          Reflect  .    u - amulet of faith
rElec   .          Harm     .    m - ring of flight
rCorr   .          Rampage  .    (no ring)
Will    .....                    (no ring)
Stlth   +++                      (no ring)
HPRegen 0.28/turn                (no ring)
MPRegen 0.14/turn                (no ring)
                                 (no ring)
                                 (no ring)

@: about to teleport, flying
A: almost no armour, amphibious, 8 rings, camouflage 1, gelatinous body 1,
(nimble swimmer 1), tentacles
a: Renounce Religion


You were on level 6 of the Dungeon.
You worshipped Vehumet.
Vehumet was aware of your devotion.
You visited 1 branch of the dungeon, and saw 6 of its levels.
You also visited: Sewer.

You collected 318 gold pieces.

Inventory:

Hand Weapons
 e - a +0 club
 t - a +2 short sword of draining (weapon)
Missiles
 b - 7 poisoned darts
 p - 4 datura-tipped darts
Armour
 z - a +0 buckler
Jewellery
 m - a ring of flight (left tentacle)
 u - an amulet of faith (around mantle)
 v - an amulet of the acrobat
Scrolls
 d - 3 scrolls of vulnerability
 f - a scroll of magic mapping {unknown}
 h - 4 scrolls of fear {unknown}
 i - 2 scrolls of enchant armour {unknown}
 j - a scroll of fog {unknown}
 k - 2 scrolls of silence {unknown}
 q - 2 scrolls of teleportation
 r - 2 scrolls of amnesia {unknown}
 s - 2 scrolls of enchant weapon {unknown}
 x - 2 scrolls of identify
 y - a scroll of brand weapon {unknown}
Potions
 a - 2 potions of magic
 c - 4 potions of flight
 g - 2 potions of might
 l - 3 potions of cancellation {unknown}
 n - 3 potions of invisibility
 o - 2 potions of haste {unknown}
 w - a potion of curing {unknown}


   Skills:
 - Level 1.0 Fighting
 - Level 3.5 Short Blades
 - Level 3.0 Dodging
 - Level 4.0 Stealth
 + Level 4.9 Spellcasting
 + Level 6.4 Conjurations
 - Level 3.0 Hexes
 + Level 2.0 Air Magic
 + Level 2.5 Poison Magic


You had 3 spell levels left.
You knew the following spells:

 Your Spells              Type           Power      Damage    Failure   Level
a - Magic Dart            Conj           100%       1d8       1%          1
b - Searing Ray           Conj           66%        2d6       1%          2
c - Iskenderun's Mystic   Conj/Tloc      19%        2d6       26%         4
d - Fulminant Prism       Conj/Hex       13%        3d9       14%         4
e - Poisonous Vapours     Pois/Air       30%        N/A       6%          2

Your spell library contained the following spells:

 Spells                   Type           Power      Damage    Failure   Level
 Freeze                   Ice            20%        1d4       11%         1
 Dazzling Flash           Conj/Hex       52%        N/A       4%          3
 Sting                    Tmut/Pois      40%        1d5       6%          1
 Ignite Poison            Fire/Tmut/Pois 9%         N/A       22%         3
 Kindle Blastsparks       Fire/Tloc/Air  16%        2d11      24%         3
 Olgreb's Toxic Radiance  Pois           16%        N/A       36%         4
 Freezing Cloud           Conj/Ice/Air   8%         6-21      65%         5
 Starburst                Conj/Fire      9%         6d5       99%         6


Dungeon Overview and Level Annotations

Branches:
Dungeon (6/15)              Sewer (visited)
 Temple: D:4-7

Altars:
Elyvilon
Fedhas
Qazlal
Ru
Vehumet

Shops:
D:5 !

Annotations:
D:6 Duvessa


Innate Abilities, Weirdness & Mutations

You cannot wear most types of armour.
You are amphibious.
You can wear up to eight rings at the same time.
Your skin changes colour to match your surroundings (Stealth+).
Your rubbery body absorbs attacks. (AC +1, EV +1)
((You are camouflaged when in or above water. (Stealth+)))
You have tentacles for arms and can constrict up to eight enemies at once.


Message History

You constrict Blork the orc, but do no damage.
Blork the orc gestures at you while chanting.
The puff of flame hits you!
* * * LOW HITPOINT WARNING * * *
You hit Blork the orc but do no damage. You drain Blork the orc.
You kill Blork the orc!
Vehumet accepts your kill.
You hear a shout!
Your Air Magic skill increases to level 2!
Casting: Magic Dart (safe; 1% risk of failure)
Confirm with . or Enter, or press ? or * to list all spells.
Aiming: Magic Dart (safe; 1% risk of failure)
Press: ? - help, Shift-Dir - straight line, f - orc
Aim: an orc, wielding a +0 whip and wearing a +0 scale mail (100% to hit)
The magic dart hits the orc.
The orc is heavily wounded.
An orc priest comes into view. It is wielding a +0 trident.
Casting: Magic Dart (safe; 1% risk of failure)
Confirm with . or Enter, or press ? or * to list all spells.
Aiming: Magic Dart (safe; 1% risk of failure)
Press: ? - help, Shift-Dir - straight line, f/p - orc
Aim: an orc, wielding a +0 whip and wearing a +0 scale mail (heavily wounded, 100% to hit)
The magic dart hits the orc but does no damage.
The orc is heavily wounded.
You hear a shout!
The orc barely misses you.
Casting: Magic Dart (safe; 1% risk of failure)
Confirm with . or Enter, or press ? or * to list all spells.
Aiming: Magic Dart (safe; 1% risk of failure)
Press: ? - help, Shift-Dir - straight line, f/p - orc
Aim: an orc, wielding a +0 whip and wearing a +0 scale mail (heavily wounded, 100% to hit)
The magic dart hits the orc but does no damage.
The orc is heavily wounded.
The orc closely misses you.
As you read the scroll of teleportation, it crumbles to dust.
You feel strangely unstable.
The orc priest shouts!
You hear a shout!
The orc priest calls down the wrath of Beogh upon you.
Beogh smites you!
You die...

≈. ≈........ .. #§§
#≈....... ....
#≈§≈≈≈≈....... .....≈
≈_>§#≈≈......
#.##....#§§§≈#≈§≈.....
###.##....#≈≈§ ≈.≈......
........§≈##§###..$.....
#.#.##...≈≈§≈...@)......
...........≈....o..#####
#.#.##.............#
....######..###......#
#..........#.###.###o..
#.##.###.###....o###.##
#.#..###..#.......#..## #
#.....#...............#o#
##.........#.....#.......


You could see 2 orc priests and an orc.

Vanquished Creatures
  Menkaure (D:5)
  2 water moccasins
  A black bear (D:6)
  A phantom (D:6)
  Blork the orc (D:6)
  2 scorpions (D:5)
  Dowan (D:6)
  A howler monkey (D:5)
  2 hounds
  An orc priest (D:4)
  3 orc wizards
  17 adders
  5 river rats
  2 ufetubi (D:5)
  3 worms
  5 dart slugs
  9 orcs
  6 endoplasms
  4 giant cockroaches
  2 goblins (D:4)
  3 hobgoblins
  10 jackals
  4 quokkas
  14 ball pythons
  10 bats
  7 frilled lizards
  6 kobolds
  A quokka zombie (D:4)
  6 rats
  A rat zombie (D:4)
131 creatures vanquished.

Vanquished Creatures (others)
  A fulminant prism (D:6)
1 creature vanquished.

Grand Total: 132 creatures vanquished

Notes
Turn   | Place    | Note
-------+----------+-------------------------------------------
     0 | D:1      | Hubris850 the Octopode Conjurer began the quest for the
                  | Orb.
     0 | D:1      | Reached XP level 1. HP: 11/11 MP: 3/3
   187 | D:1      | Reached XP level 2. HP: 17/17 MP: 5/5
   612 | D:1      | Reached XP level 3. HP: 21/21 MP: 0/6
  1456 | D:2      | Learned a level 2 spell: Searing Ray
  2024 | D:3      | Reached XP level 4. HP: 17/27 MP: 7/7
  2159 | D:3      | Found a glowing drain.
  2201 | Sewer    | Entered a sewer
  2338 | Sewer    | Reached XP level 5. HP: 31/31 MP: 6/9
  2843 | Sewer    | Reached skill level 1 in Fighting
  2937 | Sewer    | Reached skill level 5 in Conjurations
  3033 | Sewer    | Learned a level 4 spell: Iskenderun's Mystic Blast
  3092 | D:3      | Reached XP level 6. HP: 23/38 MP: 11/11
  3466 | D:3      | You are sucked into a shaft and drop 3 floors!
  3489 | D:5      | Entered Level 5 of the Dungeon
  3502 | D:4      | Found a sacrificial altar of Ru.
  3512 | D:4      | Reached skill level 1 in Short Blades
  3512 | D:4      | HP: 1/38 [goblin/+0 dagger (2)]
  4242 | D:4      | Found a radiant altar of Vehumet.
  4253 | D:4      | Became a worshipper of Vehumet
  4428 | D:4      | Found a white marble altar of Elyvilon.
  4464 | D:4      | Found a blossoming altar of Fedhas.
  5114 | D:5      | Reached XP level 7. HP: 35/43 MP: 12/12
  5152 | D:5      | Learned a level 4 spell: Fulminant Prism
  5326 | D:5      | Reached skill level 1 in Hexes
  5358 | D:5      | Found Zaickaach's Distillery.
  5645 | D:5      | Noticed Menkaure
  5783 | D:5      | Killed Menkaure
  5783 | D:5      | Reached * piety under Vehumet
  5783 | D:5      | Offered knowledge of Freeze by Vehumet.
  5866 | D:5      | Learned a level 2 spell: Poisonous Vapours
  6082 | D:6      | Reached skill level 6 in Conjurations
  6082 | D:6      | Reached skill level 1 in Air Magic
  6082 | D:6      | Reached skill level 1 in Poison Magic
  6082 | D:6      | Reached XP level 8. HP: 29/48 MP: 14/14
  6225 | D:6      | Noticed Duvessa
  6226 | D:6      | Noticed Dowan
  6233 | D:6      | Killed Dowan
  6616 | D:6      | Found a stormy altar of Qazlal.
  6621 | D:6      | Noticed Blork the orc
  6634 | D:6      | HP: 1/48 [Blork the orc/puff of flame (11)]
  6635 | D:6      | Killed Blork the orc
  6639 | D:6      | Killed from afar by an orc priest

Illustrated notes

Levels and vault maps discovered:
D:1:      scummos_arrival_forest, layout_basic
D:2:      layout_loops_cross
D:3:      layout_loops_ring, lightli_sewer_entry_pipes,
          kennysheep_generic_room_14
D:4:      layout_loops_corners, nicolae_vehumet_radiance, fedhas_altar_3,
          elyvilon_altar_1, nicolae_ru_awakened_eye, enter_ossuary_4
D:5:      layout_basic, serial_shops, nicolae_shop_hallway_stairs, uniq_menkaure
D:6:      nicolae_cairo_tiling_large_dashed, layout_basic,
          nicolae_hepliaklqana_hippocampus, nicolae_qazlal_general_emergency,
          minmay_temple_entry_drinking_statues, nicolae_shop_unique_rings,
          minmay_stone_trees_medium, uniq_duvessa, uniq_blork_the_orc,
          uniq_crazy_yiuf_cottage

Skill      XL: |  1  2  3  4  5  6  7  8 |
---------------+-------------------------+-----
Stealth        | 3 4 |  4.0
Dodging        | 3 |  3.0
Spellcasting   | 3 4 |  4.9
Fighting       | 1 |  1.0
Conjurations   | 5 6 |  6.4
Short Blades   | 3 |  3.5
Hexes          | 2 3 |  3.0
Air Magic      | 1 2 |  2.0
Poison Magic   | 1 2 |  2.5

Action                   |  1- 3 |  4- 6 |  7- 9 || total
-------------------------+-------+-------+-------++-------
Melee: Unarmed           |    23 |       |       ||    23
       Constrict         |    20 |    22 |    10 ||    52
       Tentacles         |    14 |    22 |    15 ||    51
       Club              |    59 |    63 |       ||   122
       Short sword       |       |    54 |    67 ||   121
 Cast: Magic Dart        |    33 |    49 |    22 ||   104
       Searing Ray       |       |     6 |     3 ||     9
       Fulminant Prism   |       |       |     1 ||     1
  Use: Scroll            |     4 |     2 |     3 ||     9
       Potion            |       |     2 |       ||     2
 Stab: Sleeping          |     6 |    14 |     6 ||    26
Armor: Skin              |     9 |     6 |     2 ||    17
Dodge: Dodged            |    76 |    87 |    33 ||   196

Table legend: (Time is in decaauts)
 A = Elapsed time spent in this place.
 B = Non-inter-level travel time spent in this place.
 C = Inter-level travel time spent in this place.
 D = Time resting spent in this place.
 E = Time spent auto-exploring this place.
 F = Levels seen in this place.
 G = Mean time per level.
                   A        B        C        D        E       F      G
               +--------+--------+--------+--------+--------+-----+--------+
         Total |   6658 |   6517 |    141 |   1040 |   4205 |   7 |  951.1 |
       Dungeon |   5799 |   5658 |    141 |    877 |   3706 |   6 |  966.5 |
         Sewer |    858 |    858 |      0 |    163 |    499 |   1 |  858.0 |
               +--------+--------+--------+--------+--------+-----+--------+

Top non-repeatable levels by time:
     D:1: 1210 daAuts
     D:3: 1186 daAuts
     D:4: 1070 daAuts
     D:5: 988 daAuts
   Sewer: 858 daAuts
     D:6: 686 daAuts
     D:2: 656 daAuts
